 Dungeon Crawl Stone Soup version 0.29.1-2-gbd0b4ee654 (webtiles) character file.

Game seed: 17141774644794930406

390 Linkola the Gusty (level 6, -1/32 HPs)
             Began as a Deep Elf Air Elementalist on Nov 6, 2022.
             Killed by their own static electricity (3 damage)
             ... on level 4 of the Dungeon on Nov 8, 2022.
             The game lasted 00:14:46 (5698 turns).

Linkola the Gusty (Deep Elf Air Elementalist)       Turns: 5698, Time: 00:14:47

Health: -1/32      AC:  6    Str:  5    XL:     6   Next: 50%
Magic:  7/15       EV: 13    Int: 28    God:
Gold:   234        SH:  0    Dex: 15    Spells: 3/15 levels left

rFire   + . .      SeeInvis .   k - +5 dagger (protect)
rCold   + . .      Faith    .   (no shield)
rNeg    . . .      Spirit   .   o - +0 robe {rF+}
rPois   .          Reflect  .   l - +0 helmet
rElec   .          Harm     .   (no cloak)
rCorr   .          Rampage  .   (no gloves)
Will    .....                   d - +2 pair of boots
Stlth   ++........              c - amulet of the acrobat
HPRegen 0.10/turn               h - +6 ring of intelligence
MPRegen 0.14/turn               m - ring of protection from cold

@: no status effects
A: no striking features
a: no special abilities


You were on level 4 of the Dungeon.
You visited 2 branches of the dungeon, and saw 5 of its levels.

You collected 234 gold pieces.

Inventory:

Hand Weapons
 k - a +5 dagger of protection (weapon)
Armour
 d - a +2 pair of boots (worn)
 l - a +0 helmet (worn)
 o - a +0 robe of fire resistance (worn)
Jewellery
 c - an amulet of the acrobat (around neck)
 h - a +6 ring of intelligence (left hand)
 m - a ring of protection from cold (right hand)
Scrolls
 a - a scroll of poison
 i - 2 scrolls of magic mapping
 n - a scroll of butterflies {unknown}
Potions
 b - 2 potions of magic
 e - 2 potions of curing
 f - a potion of berserk rage {unknown}
 g - a potion of might {unknown}
 j - a potion of flight {unknown}
 p - a potion of heal wounds {unknown}


   Skills:
 + Level 0.3 Short Blades
 + Level 2.8 Dodging
 + Level 2.8 Stealth
 + Level 5.0 Spellcasting
 + Level 2.8 Conjurations
 + Level 5.1 Air Magic
 * Level 2.8 Poison Magic


You had 3 spell levels left.
You knew the following spells:

 Your Spells              Type           Power      Damage    Failure   Level
a - Shock                 Conj/Air       100%       1d9       1%          1
b - Static Discharge      Conj/Air       29%        3-7/arc   1%          2
c - Poisonous Vapours     Pois/Air       58%        N/A       1%          2
d - Swiftness             Air            35%        N/A       2%          3
e - Airstrike             Air            17%        2d(3-19)  9%          4

Your spell library contained the following spells:

 Spells                   Type           Power      Damage    Failure   Level
 Magic Dart               Conj           88%        1d7       1%          1
 Mephitic Cloud           Conj/Pois/Air  27%        N/A       4%          3
 Call Imp                 Summ           7%         N/A       10%         2
 Corpse Rot               Necr/Pois/Air  21%        N/A       22%         4


Dungeon Overview and Level Annotations

Branches:
Dungeon (4/15)             Temple (1/1) D:4

Altars:
Cheibriados
Dithmenos
Fedhas
Hepliaklqana
Okawaru
Qazlal
Ru
Sif Muna
Trog
Vehumet
Wu Jian

Shops:
D:4 :


Message History

Casting: Shock (safe; 1% risk of failure)
Confirm with . or Enter, or press ? or * to list all spells.
Auqlue's ghost is struck by an arc of lightning.
Auqlue's ghost is lightly damaged.
You are struck by an arc of lightning.
Auqlue's ghost is struck by an arc of lightning.
Auqlue's ghost is moderately damaged.
The lightning grounds out.
Auqlue's ghost hits you!
Casting: Static Discharge (safe; 1% risk of failure)
Confirm with . or Enter, or press ? or * to list all spells.
Auqlue's ghost is struck by an arc of lightning!
Auqlue's ghost is moderately damaged.
You are struck by an arc of lightning.
Auqlue's ghost is struck by an arc of lightning.
Auqlue's ghost is heavily damaged.
You are struck by an arc of lightning.
Auqlue's ghost is struck by an arc of lightning.
Auqlue's ghost is heavily damaged.
The lightning grounds out.
Auqlue's ghost stares at you. Auqlue's ghost hits you!
* * * LOW HITPOINT WARNING * * *
Casting: Static Discharge (safe; 1% risk of failure)
Confirm with . or Enter, or press ? or * to list all spells.
Auqlue's ghost is struck by an arc of lightning!
Auqlue's ghost is severely damaged.
You are struck by an arc of lightning.
* * * LOW HITPOINT WARNING * * *
The lightning grounds out.
Auqlue's ghost hits you but does no damage.
Casting: Static Discharge (safe; 1% risk of failure)
Confirm with . or Enter, or press ? or * to list all spells.
Auqlue's ghost is struck by an arc of lightning.
Auqlue's ghost is almost destroyed.
You are struck by an arc of lightning.
* * * LOW HITPOINT WARNING * * *
Auqlue's ghost is struck by an arc of lightning.
You destroy auqlue's ghost!
You are struck by an arc of lightning.
You die...

########..)..#####
#.........###
#.....###...#
#.##### ###.# #
#.###..####.# #
#.##.#.~#...# #
#.##..⌠~#...#
########.#§[~≈.'...#
.........##..#.'@..#
##########≈.≈..#..##
.........###~..#..#
###########.##.####
## ##


There were no monsters in sight!

Vanquished Creatures
  The ghost of auqlue the Chopper, an amateur MiFi (D:4)
  Grinder (D:3)
  An orc priest (D:3)
  Robin (D:1)
  3 gnolls (D:4)
  3 adders
  4 dart slugs
  10 orcs
  3 ball pythons
  5 endoplasms
  4 giant cockroaches (D:1)
  15 goblins
  10 hobgoblins
  5 quokkas
  4 bats
  2 frilled lizards
  4 kobolds
  6 rats
82 creatures vanquished.

Vanquished Creatures (others)
  A demonic plant (D:1)
  7 plants (D:3)
8 creatures vanquished.

Grand Total: 90 creatures vanquished

Notes
Turn   | Place    | Note
-------+----------+-------------------------------------------
     0 | D:1      | Linkola the Deep Elf Air Elementalist began the quest for
                  | the Orb.
     0 | D:1      | Reached XP level 1. HP: 10/10 MP: 6/6
   341 | D:1      | Reached XP level 2. HP: 15/15 MP: 5/8
   344 | D:1      | Learned a level 2 spell: Static Discharge
   794 | D:1      | Learned a level 2 spell: Poisonous Vapours
  1028 | D:1      | Found a faded altar of an unknown god.
  1246 | D:1      | Reached XP level 3. HP: 19/19 MP: 5/9
  1250 | D:1      | Learned a level 3 spell: Swiftness
  1884 | D:2      | Reached skill level 1 in Poison Magic
  2185 | D:2      | Noticed Robin
  2276 | D:1      | Reached XP level 4. HP: 10/24 MP: 3/11
  2589 | D:1      | Killed Robin
  3692 | D:3      | Reached XP level 5. HP: 28/28 MP: 10/12
  3867 | D:3      | Noticed Grinder
  3882 | D:3      | Paralysed by Grinder for 4 turns
  3893 | D:3      | Killed Grinder
  3894 | D:3      | Reached skill level 5 in Air Magic
  3894 | D:3      | Reached XP level 6. HP: 6/32 MP: 0/15
  3899 | D:3      | Learned a level 4 spell: Airstrike
  4598 | D:4      | Reached skill level 5 in Spellcasting
  4936 | D:4      | Found a large runed translucent door.
  4936 | D:4      | Found a large runed translucent door.
  4937 | D:4      | Noticed auqlue's ghost (amateur MiFi)
  5037 | D:4      | Found a staircase to the Ecumenical Temple.
  5046 | Temple   | Entered the Ecumenical Temple
  5251 | D:4      | Found a radiant altar of Vehumet.
  5419 | D:4      | Found Guseep's Book Emporium.
  5698 | D:4      | Killed auqlue's ghost
  5698 | D:4      | Killed from afar by themself

Illustrated notes

Levels and vault maps discovered:
D:1:      eino_arrival_cavern_c, layout_basic, shapermc_ecumenical_altar_gd
D:2:      layout_basic, uniq_robin
D:3:      layout_rooms, chequers_big_river, uniq_grinder
D:4:      layout_basic, mainiacjoe_overflow_tiny_flanked, temple_green,
          serial_shops, kennysheep_little_box, portal_sewer_entry_d,
          ebering_ghost_disaster_area
Temple:   nicolae_temple_two_arcs

Skill      XL: |  1  2  3  4  5  6 |
---------------+-------------------+-----
Poison Magic   | 1 2 |  2.8
Air Magic      | 4 5 |  5.1
Conjurations   | 2 |  2.8
Spellcasting   | 4 5 |  5.0
Short Blades   | |  0.3
Dodging        | |  2.8
Stealth        | |  2.8

Action                   |  1- 3 |  4- 6 || total
-------------------------+-------+-------++-------
Melee: Unarmed           |     5 |       ||     5
       Dagger            |       |     9 ||     9
 Cast: Shock             |    66 |    78 ||   144
       Static Discharge  |     7 |    13 ||    20
       Poisonous Vapours |     6 |     5 ||    11
       Swiftness         |     1 |       ||     1
       Airstrike         |       |     3 ||     3
  Use: Scroll            |     2 |     6 ||     8
Armor: Robe              |    10 |     4 ||    14
       Animal skin       |       |     9 ||     9
Dodge: Dodged            |    15 |    14 ||    29
